 Dungeon Crawl Stone Soup version 0.21.1-1-g345015fe64 (webtiles) character file.

157 IceCat the Shooter (level 5, -1/45 HPs)
             Began as a Minotaur Hunter on July 23, 2018.
             Slain by SlightEye's ghost (9 damage)
             ... on level 3 of the Dungeon.
             The game lasted 00:18:37 (2536 turns).

IceCat the Shooter (Minotaur Hunter)                Turns: 2536, Time: 00:18:38

Health: -1/45      AC:  4    Str: 16    XL:     5   Next: 15%
Magic:  4/4        EV: 15    Int:  8    God:
Gold:   165        SH:  0    Dex: 12    Spells: 4/4 levels left

rFire    . . .     SeeInvis .   a - +1 shortbow
rCold    . . .     Gourm    .   (shield currently unavailable)
rNeg     . . .     Faith    .   c - +0 leather armour
rPois    .         Spirit   .   (helmet restricted)
rElec    .         Reflect  .   (no cloak)
rCorr    .         Harm     .   (no gloves)
MR       .....                  u - +0 pair of boots
Stlth    +.........             (no amulet)
HPRegen  0.15/turn              n - +3 ring of evasion
MPRegen  0.09/turn              (no ring)

@: no status effects
A: retaliatory headbutt, horns 2
a: no special abilities


You were on level 3 of the Dungeon.
You were not hungry.

You visited 1 branch of the dungeon, and saw 3 of its levels.

You collected 165 gold pieces.

Inventory:

Hand Weapons
 a - a +1 shortbow (weapon)
 b - a +0 short sword
 v - a +0 blowgun
Missiles
 d - 15 arrows (quivered)
 w - 5 poisoned needles
Armour
 c - a +0 leather armour (worn)
 u - a +0 pair of boots (worn)
Jewellery
 n - a +3 ring of evasion (left hand)
 o - an uncursed ring of see invisible {unknown}
 s - an uncursed ring of magical power {unknown}
Scrolls
 e - 4 scrolls of identify
 h - 2 scrolls of teleportation {unknown}
 j - a scroll of blinking {unknown}
 k - 2 scrolls of remove curse {unknown}
 l - 4 scrolls of enchant armour {unknown}
 p - a scroll of amnesia {unknown}
 r - 2 scrolls of fear {unknown}
 x - a scroll of enchant weapon {unknown}
Potions
 i - a potion of curing {unknown}
 m - a potion of flight {unknown}
 q - a potion of mutation {unknown}
 t - a potion of brilliance {unknown}
Comestibles
 f - 7 rations
 g - 5 chunks of flesh


   Skills:
 + Level 3.2 Fighting
 + Level 0.1 Short Blades
 + Level 6.6 Bows
 + Level 1.0 Armour
 + Level 2.3 Dodging
 + Level 0.8 Stealth


You had 4 spell levels left.
You didn't know any spells.

Dungeon Overview and Level Annotations

Branches:
Dungeon (3/15)

Altars:
Nemelex Xobeh

Annotations:
D:3 SlightEye's ghost, amateur FoFi


Innate Abilities, Weirdness & Mutations

You reflexively headbutt those who attack you in melee.
You have a pair of horns on your head.


Message History

Aim: SlightEye's ghost (heavily damaged)
You shoot an arrow. The arrow hits SlightEye's ghost!
SlightEye's ghost is severely damaged.
SlightEye's ghost hits you!
Firing (i - inventory):
d - 17 arrows (quivered)
Press: ? - help, Shift-Dir - straight line, f/p - SlightEye's ghost
Aim: SlightEye's ghost (severely damaged)
You shoot an arrow.
The arrow hits SlightEye's ghost but does no damage.
SlightEye's ghost is severely damaged.
SlightEye's ghost hits you!
* * * LOW HITPOINT WARNING * * *
Firing (i - inventory):
d - 16 arrows (quivered)
Press: ? - help, Shift-Dir - straight line, f/p - SlightEye's ghost
Aim: SlightEye's ghost (severely damaged)
You shoot an arrow.
The arrow hits SlightEye's ghost but does no damage.
SlightEye's ghost is severely damaged.
SlightEye's ghost hits you!
You die...

..............##.#
.....##. ........#
..#.....
.....##.## .##
###.
..##.#.#.########
## #..###<......#
.. #.#.#.######.#
### #.##.## ..# #.
#.# #.# .. #@# #..
.. #W##########
#.. ...
#((........# #.#
... ##########.#
#.# # #[#
#.##.#### .(.
#.......# ..<..
......... .(.....
........#
.(.....#.###


You could see SlightEye's ghost.

Vanquished Creatures
  A hound skeleton (D:2)
  3 adders
  2 oozes (D:1)
  3 worms
  A dart slug (D:2)
  A leopard gecko (D:3)
  2 orcs (D:3)
  8 bats
  2 bat skeletons (D:2)
  7 giant cockroaches
  9 goblins
  6 hobgoblins
  12 jackals
  8 kobolds
  A quokka (D:3)
  2 ball pythons
  4 frilled lizards
  A giant cockroach zombie (D:2)
  A leopard gecko skeleton (D:2)
  2 leopard gecko zombies (D:2)
  A quokka skeleton (D:2)
  14 rats
91 creatures vanquished.

Notes
Turn   | Place    | Note
-------+----------+-------------------------------------------
     0 | D:1      | IceCat the Minotaur Hunter began the quest for the Orb.
     0 | D:1      | Reached XP level 1. HP: 18/18 MP: 0/0
    86 | D:1      | Reached XP level 2. HP: 21/25 MP: 1/1
   189 | D:1      | Reached skill level 5 in Bows
   370 | D:1      | Reached XP level 3. HP: 26/30 MP: 2/2
   998 | D:2      | Found a faded altar of an unknown god.
  1161 | D:2      | Found a sparkling altar of Nemelex Xobeh.
  1477 | D:2      | Reached XP level 4. HP: 34/38 MP: 3/3
  1807 | D:2      | Reached skill level 6 in Bows
  2304 | D:3      | Reached XP level 5. HP: 45/45 MP: 4/4
  2339 | D:3      | Reached skill level 1 in Armour
  2507 | D:3      | Noticed SlightEye's ghost (amateur FoFi)
  2536 | D:3      | Slain by SlightEye's ghost

Skill      XL: |  1  2  3  4  5 |
---------------+----------------+-----
Bows           | 5 6 |  6.6
Fighting       | 3 |  3.2
Armour         | 1 |  1.0
Short Blades   | |  0.1
Dodging        | |  2.3
Stealth        | |  0.8

Action                   |  1- 3 |  4- 6 || total
-------------------------+-------+-------++-------
Melee: Short sword       |     4 |     6 ||    10
       Headbutt          |     1 |       ||     1
 Fire: Shortbow          |   110 |   116 ||   226
  Use: Scroll            |     1 |       ||     1
  Eat: Chunk             |     2 |     3 ||     5
Armor: Leather armour    |     6 |     7 ||    13
Dodge: Dodged            |    23 |    37 ||    60
